cohdb
Replays
Latest Replays
All Replays
Popular Replays
Top Player Replays
Match Explorer
How It Works
Community
CoH3 Stats
Reddit
Sign in to upload your games and track your stats! →
Sign in with Steam
Match 45705466
Unlisted
Match 45705466
Overview
Messages
Build Orders
End
Construct Barracks
Selects Heavy Weapons
1⁄4-ton 4x4 Truck
Riflemen Squad
Riflemen Squad
Riflemen Squad
Grenade Package
Infantry Support Center
Engineer Squad
Construct Weapon Support Center
Bazooka Squad
Bazooka Squad
B Ranked Aura Farmer
我不會說中文
カルト_くん
Dima
0
0
Comments
sign in to comment!
No comments posted yet!